 Dungeon Crawl Stone Soup version 0.26.0-8-g74fc34ddfb (webtiles) character file.

Game seed: 10991582148245536276

18 ythm the Chopper (level 2, -2/16 HPs)
             Began as a Vine Stalker Berserker on Jan 12, 2021.
             Was a Follower of Trog.
             Killed by nerve-wracking pain
             ... invoked by a shadow imp
              (11 damage)
             ... on level 2 of the Dungeon.
             The game lasted 00:01:33 (221 turns).

ythm the Chopper (Vine Stalker Berserker)            Turns: 221, Time: 00:01:35

Health: -2/16      AC:  2    Str: 19    XL:     2   Next: 66%
Magic:  0/3        EV: 12    Int:  7    God:    Trog [*.....]
Gold:   33         SH:  0    Dex: 13    Spells: 1/1 levels left

rFire    . . .     SeeInvis .   a - +0 hand axe
rCold    . . .     Faith    .   (no shield)
rNeg     . . .     Spirit   +   b - +0 animal skin
rPois    .         Reflect  .   (no helmet)
rElec    .         Harm     .   (no cloak)
rCorr    .         Rampage  .   (no gloves)
Will     +....                  (no boots)
Stlth    +.........             (no amulet)
HPRegen  0.05/turn              f - ring of willpower
MPRegen  0.08/turn              (no ring)

@: no status effects
A: fangs 2, magic shield, antimagic bite, no potion heal 3
a: Renounce Religion, Berserk


You were on level 2 of the Dungeon.
You worshipped Trog.
Trog was aware of your devotion.
You visited 1 branch of the dungeon, and saw 2 of its levels.

You collected 33 gold pieces.

Inventory:

Hand Weapons
 a - a +0 hand axe (weapon)
Armour
 b - a +0 animal skin (worn)
Jewellery
 f - a ring of willpower (left hand)
Scrolls
 c - a scroll of remove curse {unknown}
 d - a scroll of identify {unknown}
 e - a scroll of enchant weapon {unknown}
 g - a scroll of magic mapping {unknown}
 h - a scroll of amnesia {unknown}


   Skills:
 - Level 2.6 Fighting
 + Level 3.5 Axes
 - Level 1.5 Armour
 - Level 1.5 Dodging


You had one spell level left.
You didn't know any spells.
Your spell library was empty.

Dungeon Overview and Level Annotations

Branches:
Dungeon (2/15)

Altars:
Fedhas
Kikubaaqudgha


Innate Abilities, Weirdness & Mutations

You have extremely sharp teeth.
When hurt, damage is shared between your health and your magic reserves.
Your bite disrupts and absorbs the magic of your enemies.
Potions cannot restore your health.


Message History

A shadow imp comes into view.
The shadow imp shouts!
A rat comes into view.
The shadow imp gestures at you. You resist with some effort.
The rat moves out of view.
You start resting.
You recover from your berserk rage.
You hit the shadow imp. You bite the shadow imp.
The shadow imp's magic leaks into the air.
You drain its magic.
The shadow imp is lightly wounded.
The shadow imp barely misses you.
You slash the shadow imp!
The shadow imp is almost dead.
The shadow imp gestures at you. Pain shoots through your body!
The shadow imp gestures at you. Pain shoots through your body!
Ouch! That really hurt!
You die...

.....##.#...<.....#
...#>.............#
..#####.#.........#
.. #.#.........# #
#.#.........#
#.#.........#
#.#.........#
#.........#
########@## #5#
#.r# #... #".8.
##.... #.8...
#...... ..8.....


You could see a shadow imp and a rat.

Vanquished Creatures
  An adder (D:2)
  A worm (D:2)
  A hobgoblin (D:1)
  A kobold (D:2)
  2 frilled lizards
  2 rats
8 creatures vanquished.

Notes
Turn   | Place    | Note
-------+----------+-------------------------------------------
     0 | D:1      | ythm the Vine Stalker Berserker began the quest for the
                  | Orb.
     0 | D:1      | Reached XP level 1. HP: 11/11 MP: 2/2
   140 | D:2      | Found an ancient bone altar of Kikubaaqudgha.
   143 | D:2      | Found a blossoming altar of Fedhas.
   159 | D:2      | Found a faded altar of an unknown god.
   170 | D:2      | Reached skill level 3 in Axes
   190 | D:2      | Reached XP level 2. HP: 16/16 MP: 3/3
   221 | D:2      | Killed from afar by a shadow imp

Illustrated notes

Levels and vault maps discovered:
D:1:      wheals_arrival_linesprint, layout_loops_ring
D:2:      layout_rooms, grunt_temple_overflow_growth_and_decay,
          eat_drink_and_be_merry_uskayaw, grunt_temple_overflow_octagram,
          chequers_ecumenical_altar_island, corexii_hall_statues_u

Skill      XL: |  1 |
---------------+----+-----
Axes           | 3 |  3.5
Fighting       | |  2.6
Armour         | |  1.5
Dodging        | |  1.5

Action                   || total
-------------------------++-------
Melee: Hand axe          ||    21
       Bite              ||     4
Invok: Berserk           ||     1
 Stab: Sleeping          ||     1
Dodge: Dodged            ||     6
